AA
OKLAHOMA CITY 89'ERS @ FREDERICK STARS
06/18/2060
 
TOP OF THE 1ST
Oklahoma City 89'ers batting - Pitching for Frederick Stars : RHP Frank Shell
Pitching: RHP Frank Shell
Batting: RHB Tyson Axtell 0-0: Ball
1-0: Ball
2-0: Reached on error, E4 (Groundball, 4, EV 88.1 MPH)
Batting: RHB Shannon Cox 0-0: Called Strike
0-1: Called Strike
Tyson Axtell steals 2nd, throwing error, E2
Tyson Axtell to third
0-2: Foul Ball, location: 2F
0-2: Strikes out swinging
Batting: RHB Cody Tolley 0-0: Swinging Strike
0-1: Ball
1-1: Foul Ball, location: 2F
1-2: Strikes out looking
Batting: RHB Joseph Skehan 0-0: Ball
1-0: Called Strike
1-1: Foul Ball, location: 2F
1-2: Foul Ball, location: 2F
1-2: Ground out 6-3 (Groundball, 6, EV 98.1 MPH)
Top of the 1st over - 0 runs, 0 hits, 2 errors, 1 left on base; Oklahoma City 0 - Frederick 0
BOTTOM OF THE 1ST
Frederick Stars batting - Pitching for Oklahoma City 89'ers : RHP Kody Wood
Pitching: RHP Kody Wood
Batting: RHB Mitchell Metz 0-0: Ground out 6-3 (Groundball, 6M, EV 110.0 MPH)
Batting: RHB Dalton Seaton 0-0: Ball
1-0: Ball
2-0: SINGLE (Line Drive, 4D, EV 96.9 MPH)
Batting: LHB Earnest Feher 0-0: Ball
1-0: Ball
2-0: 2-RUN HOME RUN (Flyball, 7LD, EV 96.9 MPH), Distance : 355 ft
Batting: RHB Fabyon Choi 0-0: Ball
1-0: Swinging Strike
1-1: Swinging Strike
1-2: Ball
2-2: Foul Ball, location: 2F
2-2: Ball
3-2: Base on Balls
Batting: RHB Furman Mendoza 0-0: Ball
1-0: Ball
2-0: TRIPLE (Groundball, 3L, EV 105.0 MPH)
Fabyon Choi scores
Batting: LHB Harrison Ruto 0-0: Foul Ball, location: 2F
0-1: SINGLE (Groundball, 34D, EV 107.5 MPH)
Furman Mendoza scores
Batting: RHB Carston Abidugun 0-0: Ball
1-0: Called Strike
1-1: Ball
2-1: Grounds into double play, 4-6-3 (Groundball, 34, EV 106.9 MPH)
Bottom of the 1st over - 4 runs, 4 hits, 0 errors, 0 left on base; Oklahoma City 0 - Frederick 4
TOP OF THE 2ND
Oklahoma City 89'ers batting - Pitching for Frederick Stars : RHP Frank Shell
Batting: RHB Logan Michalski 0-0: Swinging Strike
0-1: Foul Ball, location: 2F
0-2: Ball
1-2: Strikes out swinging
Batting: RHB Roger D'Andrea 0-0: Ball
1-0: Foul Ball, location: 2F
1-1: Fly out, F9 (Flyball, 89D, EV 98.1 MPH)
Batting: RHB Mitchell Bryant 0-0: Ball
1-0: Ball
2-0: Foul Ball, location: 2F
2-1: Fly out, F2 (Popup, 2RF, EV 86.2 MPH)
Top of the 2nd over - 0 runs, 0 hits, 0 errors, 0 left on base; Oklahoma City 0 - Frederick 4
BOTTOM OF THE 2ND
Frederick Stars batting - Pitching for Oklahoma City 89'ers : RHP Kody Wood
Batting: LHB Kendal Dowdell 0-0: Ball
1-0: Ball
2-0: Foul Ball, location: 2F
2-1: Foul Ball, location: 2F
2-2: Ball
3-2: Foul Ball, location: 2F
3-2: Foul Ball, location: 2F
3-2: Foul Ball, location: 2F
3-2: SINGLE (Line Drive, 78M, EV 104.4 MPH)
Batting: SHB Lane Nixon 0-0: Called Strike
0-1: Foul Ball, location: 2F
0-2: Foul Ball, location: 2F
0-2: Hit by Pitch
Kendal Dowdell to second
Batting: RHB Mitchell Metz 0-0: Foul Ball, location: 2F
0-1: Foul Ball, location: 2F
0-2: Ball
1-2: Ball
2-2: Ball
3-2: Fielders Choice at 2nd, 3-6 (Groundball, 23, EV 88.1 MPH)
Kendal Dowdell to third
Batting: RHB Dalton Seaton 0-0: Ball
Mitchell Metz steals 2nd, throwing error, E2
Kendal Dowdell scores
Mitchell Metz to third
1-0: Ball
2-0: Ball
3-0: Called Strike
3-1: Fly out, F8 (Flyball, 8RD, EV 83.8 MPH)
Batting: LHB Earnest Feher 0-0: Ball
1-0: Called Strike
1-1: Ball
2-1: Called Strike
2-2: Ball
3-2: Strikes out swinging
Bottom of the 2nd over - 1 run, 1 hit, 1 error, 1 left on base; Oklahoma City 0 - Frederick 5
TOP OF THE 3RD
Oklahoma City 89'ers batting - Pitching for Frederick Stars : RHP Frank Shell
Batting: RHB Jerry Figueroa 0-0: Ball
1-0: Foul Ball, location: 2F
1-1: Foul Ball, location: 2F
1-2: Foul Ball, location: 2F
1-2: SINGLE (Groundball, 6MD, EV 98.1 MPH)
Batting: SHB Sage Reinisch 0-0: Fielders Choice at 2nd, 4-6 (Groundball, 4, EV 94.4 MPH)
Batting: RHB Tyson Axtell 0-0: Called Strike
Sage Reinisch steals 2nd base
0-1: Ball
1-1: Ball
2-1: Ground out 1-3 (Groundball, 13S, EV 69.4 MPH)
Sage Reinisch to third
Batting: RHB Shannon Cox 0-0: Called Strike
0-1: Ball
1-1: Ball
2-1: Foul Ball, location: 2F
2-2: Foul Ball, location: 2F
2-2: Strikes out looking
Top of the 3rd over - 0 runs, 1 hit, 0 errors, 1 left on base; Oklahoma City 0 - Frederick 5
BOTTOM OF THE 3RD
Frederick Stars batting - Pitching for Oklahoma City 89'ers : RHP Kody Wood
Batting: RHB Fabyon Choi 0-0: SOLO HOME RUN (Flyball, 7D, EV 105.6 MPH), Distance : 392 ft
Batting: RHB Furman Mendoza 0-0: Swinging Strike
0-1: Ball
1-1: Ball
2-1: Swinging Strike
2-2: Ball
3-2: Strikes out swinging, 2-3 out at first.
Batting: LHB Harrison Ruto 0-0: Ball
1-0: Fly out, F8 (Line Drive, 8LD, EV 95.6 MPH)
Batting: RHB Carston Abidugun 0-0: Called Strike
0-1: SINGLE (Groundball, 6MD, EV 94.4 MPH)
Batting: LHB Kendal Dowdell 0-0: Ball
1-0: Swinging Strike
1-1: Called Strike
1-2: Strikes out looking
Bottom of the 3rd over - 1 run, 2 hits, 0 errors, 1 left on base; Oklahoma City 0 - Frederick 6
TOP OF THE 4TH
Oklahoma City 89'ers batting - Pitching for Frederick Stars : RHP Frank Shell
Batting: RHB Cody Tolley 0-0: Ball
1-0: Ball
2-0: Foul Ball, location: 2F
2-1: Called Strike
2-2: Ball
3-2: Strikes out swinging
Batting: RHB Joseph Skehan 0-0: Swinging Strike
0-1: Called Strike
0-2: Foul Ball, location: 2F
0-2: Ball
1-2: Foul Ball, location: 2F
1-2: Fly out, F7 (Line Drive, 7LM, EV 109.4 MPH)
Batting: RHB Logan Michalski 0-0: Ball
1-0: Foul Ball, location: 2F
1-1: SINGLE (Groundball, 4MD, EV 99.4 MPH) (infield hit)
Batting: RHB Roger D'Andrea 0-0: Called Strike
0-1: Swinging Strike
0-2: Ball
1-2: Ball
2-2: Ball
3-2: Foul Ball, location: 2F
3-2: Strikes out looking
Top of the 4th over - 0 runs, 1 hit, 0 errors, 1 left on base; Oklahoma City 0 - Frederick 6
BOTTOM OF THE 4TH
Frederick Stars batting - Pitching for Oklahoma City 89'ers : RHP Kody Wood
Batting: SHB Lane Nixon 0-0: Called Strike
0-1: Ball
1-1: Ball
2-1: Foul Ball, location: 2F
2-2: Foul Ball, location: 2F
2-2: Ball
3-2: Fly out, F8 (Flyball, 8LD, EV 103.1 MPH)
Batting: RHB Mitchell Metz 0-0: Ball
1-0: Called Strike
1-1: Ball
2-1: Swinging Strike
2-2: Ball
3-2: Strikes out swinging
Batting: RHB Dalton Seaton 0-0: Ball
1-0: Fly out, F9 (Flyball, 89S, EV 71.2 MPH)
Bottom of the 4th over - 0 runs, 0 hits, 0 errors, 0 left on base; Oklahoma City 0 - Frederick 6
TOP OF THE 5TH
Oklahoma City 89'ers batting - Pitching for Frederick Stars : RHP Frank Shell
Pitching: RHP Maxon Caragiale
Batting: RHB Mitchell Bryant 0-0: Called Strike
0-1: Foul Ball, location: 2F
0-2: Strikes out swinging
Batting: RHB Jerry Figueroa 0-0: Called Strike
0-1: Ball
1-1: Ball
2-1: Called Strike
2-2: Fly out, F8 (Flyball, 8LM, EV 88.1 MPH)
Batting: SHB Sage Reinisch 0-0: Called Strike
0-1: Called Strike
0-2: Ball
1-2: Ball
2-2: Ball
3-2: Fly out, F2 (Popup, 2RF, EV 90.0 MPH)
Top of the 5th over - 0 runs, 0 hits, 0 errors, 0 left on base; Oklahoma City 0 - Frederick 6
BOTTOM OF THE 5TH
Frederick Stars batting - Pitching for Oklahoma City 89'ers : RHP Kody Wood
Batting: LHB Earnest Feher 0-0: Swinging Strike
0-1: Called Strike
0-2: Ground out 6-3 (Groundball, 6D, EV 81.9 MPH)
Batting: RHB Fabyon Choi 0-0: Ball
1-0: Ball
2-0: Ball
3-0: Called Strike
3-1: Foul Ball, location: 2F
3-2: Base on Balls
Pitching: RHP Devin White
Batting: RHB Furman Mendoza 0-0: Ball
1-0: Swinging Strike
1-1: Ball
2-1: Ball
3-1: Foul Ball, location: 2F
3-2: SINGLE (Groundball, 6MD, EV 100.6 MPH)
Fabyon Choi to second
Batting: LHB Harrison Ruto 0-0: Called Strike
0-1: Grounds into double play, 4-6-3 (Groundball, 4, EV 106.9 MPH)
Bottom of the 5th over - 0 runs, 1 hit, 0 errors, 1 left on base; Oklahoma City 0 - Frederick 6
TOP OF THE 6TH
Oklahoma City 89'ers batting - Pitching for Frederick Stars : RHP Maxon Caragiale
Batting: RHB Tyson Axtell 0-0: DOUBLE (Line Drive, 9LM, EV 110.0 MPH)
Batting: RHB Shannon Cox 0-0: Ball
1-0: Ball
2-0: SINGLE (Line Drive, 78S, EV 96.2 MPH)
Tyson Axtell to third
Runner from 3rd tries for Home, SAFE, throw by LF to home
Batting: RHB Cody Tolley 0-0: Ball
1-0: Ball
Wild Pitch!
Shannon Cox to second
2-0: Ball
3-0: Called Strike
3-1: Foul Ball, location: 2F
3-2: SINGLE (Line Drive, 8RS, EV 103.1 MPH)
Shannon Cox to third
Batting: RHB Joseph Skehan 0-0: Ball
Cody Tolley steals 2nd base
1-0: Foul Ball, location: 2F
1-1: Foul Ball, location: 2F
1-2: Ball
2-2: Ball
3-2: SINGLE (Groundball, 34D, EV 105.0 MPH)
Shannon Cox scores
Cody Tolley to third
Batting: RHB Logan Michalski 0-0: Foul Ball, location: 2F
0-1: Foul Ball, location: 2F
0-2: Ball
1-2: SINGLE (Line Drive, 89S, EV 110.6 MPH)
Cody Tolley scores
Joseph Skehan to second
Pitching: LHP Tyrek Hali
Batting: RHB Roger D'Andrea 0-0: Ball
1-0: Foul Ball, location: 2F
1-1: Foul Ball, location: 2F
1-2: Foul Ball, location: 2F
1-2: Ball
2-2: Strikes out swinging
Batting: RHB Mitchell Bryant 0-0: Ball
1-0: Ball
2-0: Called Strike
2-1: Foul Ball, location: 2F
2-2: Strikes out swinging
Batting: RHB Jerry Figueroa 0-0: Ball
1-0: Ball
2-0: Ground out 3-1 (Groundball, 34, EV 99.4 MPH)
Top of the 6th over - 3 runs, 5 hits, 0 errors, 2 left on base; Oklahoma City 3 - Frederick 6
BOTTOM OF THE 6TH
Frederick Stars batting - Pitching for Oklahoma City 89'ers : RHP Devin White
Batting: RHB Carston Abidugun 0-0: Ball
1-0: Foul Ball, location: 2F
1-1: Called Strike
1-2: Strikes out swinging
Batting: LHB Kendal Dowdell 0-0: SINGLE (Groundball, 34D, EV 103.1 MPH)
Batting: SHB Lane Nixon 0-0: Ball
1-0: Grounds into double play, 4-6-3 (Groundball, 4M, EV 78.8 MPH)
Bottom of the 6th over - 0 runs, 1 hit, 0 errors, 0 left on base; Oklahoma City 3 - Frederick 6
TOP OF THE 7TH
Oklahoma City 89'ers batting - Pitching for Frederick Stars : LHP Tyrek Hali
Batting: SHB Sage Reinisch 0-0: Called Strike
0-1: Fly out, F8 (Line Drive, 8LS, EV 88.8 MPH)
Batting: RHB Tyson Axtell 0-0: Ball
1-0: Called Strike
1-1: Called Strike
1-2: Foul Ball, location: 2F
1-2: Strikes out looking
Batting: RHB Shannon Cox 0-0: Called Strike
0-1: Ball
1-1: Ball
2-1: Called Strike
2-2: Strikes out swinging
Top of the 7th over - 0 runs, 0 hits, 0 errors, 0 left on base; Oklahoma City 3 - Frederick 6
BOTTOM OF THE 7TH
Frederick Stars batting - Pitching for Oklahoma City 89'ers : RHP Devin White
Batting: RHB Mitchell Metz 0-0: Called Strike
0-1: Ball
1-1: Foul Ball, location: 2F
1-2: Ground out U3 (Groundball, 3, EV 101.9 MPH)
Batting: RHB Dalton Seaton 0-0: Called Strike
0-1: Fly out, F9 (Line Drive, 89D, EV 92.5 MPH)
Batting: LHB Earnest Feher 0-0: Foul Ball, location: 2F
0-1: Swinging Strike
0-2: Ball
1-2: SINGLE (Line Drive, 7LS, EV 98.1 MPH)
Batting: RHB Fabyon Choi 0-0: DOUBLE (Groundball, 5L, EV 96.9 MPH)
Earnest Feher to third
Batting: RHB Furman Mendoza 0-0: Ball
1-0: Called Strike
1-1: Ground out 4-3 (Groundball, 4S, EV 88.1 MPH)
Bottom of the 7th over - 0 runs, 2 hits, 0 errors, 2 left on base; Oklahoma City 3 - Frederick 6
TOP OF THE 8TH
Oklahoma City 89'ers batting - Pitching for Frederick Stars : LHP Tyrek Hali
Batting: RHB Cody Tolley 0-0: Swinging Strike
0-1: Swinging Strike
0-2: Strikes out swinging
Batting: RHB Joseph Skehan 0-0: Ball
1-0: Ball
2-0: Foul Ball, location: 2F
2-1: Foul Ball, location: 2F
2-2: Ball
3-2: Foul Ball, location: 2F
3-2: Strikes out swinging
Batting: RHB Logan Michalski 0-0: Called Strike
0-1: Foul Ball, location: 2F
0-2: Foul Ball, location: 2F
0-2: Strikes out looking
Top of the 8th over - 0 runs, 0 hits, 0 errors, 0 left on base; Oklahoma City 3 - Frederick 6
BOTTOM OF THE 8TH
Frederick Stars batting - Pitching for Oklahoma City 89'ers : RHP Devin White
Batting: LHB Harrison Ruto 0-0: Called Strike
0-1: Ball
1-1: Swinging Strike
1-2: Fly out, F6 (Popup, 6D, EV 53.8 MPH)
Batting: RHB Carston Abidugun 0-0: Called Strike
0-1: Foul Ball, location: 2F
0-2: Ball
1-2: Ball
2-2: DOUBLE (Flyball, 78D, EV 94.4 MPH)
Pitching: LHP Derek Anderson
Batting: LHB Kendal Dowdell 0-0: Foul Ball, location: 2F
0-1: Foul Ball, location: 2F
0-2: Ground out U3 (Groundball, 3L, EV 87.5 MPH)
Carston Abidugun to third
Batting: SHB Lane Nixon 0-0: Ball
1-0: Called Strike
1-1: Ball
2-1: Ball
3-1: Foul Ball, location: 2F
3-2: Strikes out swinging
Bottom of the 8th over - 0 runs, 1 hit, 0 errors, 1 left on base; Oklahoma City 3 - Frederick 6
TOP OF THE 9TH
Oklahoma City 89'ers batting - Pitching for Frederick Stars : LHP Tyrek Hali
Pitching: RHP Max Pennington
Batting: RHB Roger D'Andrea 0-0: SINGLE (Line Drive, 9LS, EV 90.6 MPH)
Pinch Hitting: LHB Adrien Davis 0-0: Ball
1-0: Called Strike
1-1: Called Strike
1-2: Fly out, F8 (Line Drive, 8RM, EV 94.4 MPH)
Pinch Hitting: LHB Alvan Goldsmith 0-0: Called Strike
0-1: Ball
1-1: Ball
2-1: Fly out, F6 (Popup, 6MS, EV 81.9 MPH)
Batting: SHB Sage Reinisch 0-0: Ball
1-0: Foul Ball, location: 2F
1-1: Foul Ball, location: 2F
1-2: Foul Ball, location: 2F
1-2: SINGLE (Groundball, 4, EV 96.2 MPH)
Roger D'Andrea to second
Batting: RHB Tyson Axtell 0-0: Ball
1-0: Ball
2-0: Foul Ball, location: 2F
2-1: SINGLE (Groundball, 56D, EV 104.4 MPH)
Roger D'Andrea to third
Sage Reinisch to second
Batting: RHB Shannon Cox 0-0: Foul Ball, location: 2F
0-1: Swinging Strike
0-2: Foul Ball, location: 2F
0-2: Hit by Pitch
Roger D'Andrea scores
Sage Reinisch to third
Tyson Axtell to second
Batting: RHB Cody Tolley 0-0: Ball
1-0: Ball
2-0: Ball
3-0: SINGLE (Line Drive, 6D, EV 96.9 MPH)
Sage Reinisch scores
Tyson Axtell to third
Shannon Cox to second
Runner from 3rd tries for Home, SAFE, throw by LF to home
Batting: RHB Joseph Skehan 0-0: Swinging Strike
0-1: Foul Ball, location: 2F
0-2: Ball
1-2: Ball
2-2: Foul Ball, location: 2F
2-2: Strikes out swinging
Top of the 9th over - 3 runs, 4 hits, 0 errors, 2 left on base; Oklahoma City 6 - Frederick 6
BOTTOM OF THE 9TH
Frederick Stars batting - Pitching for Oklahoma City 89'ers : LHP Derek Anderson
Now at C: Alvan Goldsmith
Now in LF: Adrien Davis
Batting: RHB Mitchell Metz 0-0: DOUBLE (Line Drive, 7LM, EV 96.9 MPH)
Batting: RHB Dalton Seaton 0-0: Intentional Walk
Pinch Hitting: RHB Jay Atwood 0-0: Called Strike
0-1: Grounds into double play, 5-4-3 (Groundball, 5, EV 84.4 MPH)
Mitchell Metz to third
Batting: RHB Fabyon Choi 0-0: Called Strike
0-1: Called Strike
0-2: Ball
1-2: Ball
2-2: Ball
3-2: Ground out 5-3 (Groundball, 56, EV 86.9 MPH)
Bottom of the 9th over - 0 runs, 1 hit, 0 errors, 1 left on base; Oklahoma City 6 - Frederick 6
TOP OF THE 10TH
Oklahoma City 89'ers batting - Pitching for Frederick Stars : RHP Max Pennington
Pitching: RHP Isaac Anderson
Now in LF: Dalton Seaton
Now in CF: Grant Kaputa
Batting: RHB Logan Michalski 0-0: Called Strike
0-1: Ball
1-1: Ball
2-1: Foul Ball, location: 2F
2-2: Strikes out looking
Batting: RHB Roger D'Andrea 0-0: Ball
1-0: Ball
2-0: Called Strike
2-1: Ball
3-1: Ground out 5-3 (Groundball, 5L, EV 86.2 MPH)
Batting: LHB Adrien Davis 0-0: Called Strike
0-1: Called Strike
0-2: Ball
1-2: Ball
2-2: Foul Ball, location: 2F
2-2: Ball
3-2: Strikes out swinging, 2-3 out at first.
Top of the 10th over - 0 runs, 0 hits, 0 errors, 0 left on base; Oklahoma City 6 - Frederick 6
BOTTOM OF THE 10TH
Frederick Stars batting - Pitching for Oklahoma City 89'ers : LHP Derek Anderson
Pitching: RHP Levi Stiefel
Batting: RHB Furman Mendoza 0-0: Foul Ball, location: 2F
0-1: Ball
1-1: Foul Ball, location: 2F
1-2: Ball
2-2: Ground out 4-3 (Groundball, 4M, EV 83.8 MPH)
Batting: LHB Harrison Ruto 0-0: Ball
1-0: SINGLE (Groundball, 34D, EV 103.8 MPH)
Pinch Hitting: LHB Brad Moore 0-0: Ball
1-0: Called Strike
1-1: Foul Ball, location: 2F
1-2: Strikes out swinging
Batting: LHB Kendal Dowdell 0-0: Swinging Strike
0-1: Ball
1-1: Swinging Strike
1-2: Ball
2-2: Strikes out swinging
Bottom of the 10th over - 0 runs, 1 hit, 0 errors, 1 left on base; Oklahoma City 6 - Frederick 6
TOP OF THE 11TH
Oklahoma City 89'ers batting - Pitching for Frederick Stars : RHP Isaac Anderson
Now at 3B: Fabyon Choi
Now at SS: Abraham Koziarz
Batting: LHB Alvan Goldsmith 0-0: Ball
1-0: Fly out, F9 (Flyball, 9S, EV 90.0 MPH)
Batting: SHB Sage Reinisch 0-0: Called Strike
0-1: Ball
1-1: Ball
2-1: Ball
3-1: Ground out 4-3 (Groundball, 4, EV 99.4 MPH)
Batting: RHB Tyson Axtell 0-0: Ball
1-0: Called Strike
1-1: Ball
2-1: Called Strike
2-2: Foul Ball, location: 2F
2-2: Foul Ball, location: 2F
2-2: Strikes out swinging
Top of the 11th over - 0 runs, 0 hits, 0 errors, 0 left on base; Oklahoma City 6 - Frederick 6
BOTTOM OF THE 11TH
Frederick Stars batting - Pitching for Oklahoma City 89'ers : RHP Levi Stiefel
Batting: SHB Lane Nixon 0-0: Ball
1-0: Foul Ball, location: 2F
1-1: Called Strike
1-2: Ball
2-2: Ball
3-2: Strikes out swinging
Batting: RHB Mitchell Metz 0-0: Ball
1-0: Called Strike
1-1: SINGLE (Line Drive, 34D, EV 101.9 MPH)
Batting: RHB Dalton Seaton 0-0: Ball
1-0: Swinging Strike
1-1: Ball
2-1: Ball
3-1: Foul Ball, location: 2F
3-2: Foul Ball, location: 2F
3-2: DOUBLE (Line Drive, 89D, EV 101.2 MPH)
Mitchell Metz to third
Mitchell Metz scores
Bottom of the 11th over - 1 run, 2 hits, 0 errors, 1 left on base; Oklahoma City 6 - Frederick 7
Thursday, May 9th , 2024 - OOTP Baseball 23.10 Build 110